 Dungeon Crawl Stone Soup version 0.29-a0-459-g97dee8cd24 (webtiles) character file.

Game seed: 7294391812789816861

87 hquester the Covered (level 4, -6/40 HPs)
             Began as a Minotaur Fighter on May 20, 2022.
             Killed from afar by Blork the orc (9 damage)
             ... with a puff of frost
             ... on level 4 of the Dungeon.
             The game lasted 00:05:06 (2289 turns).

hquester the Covered (Minotaur Fighter)             Turns: 2289, Time: 00:05:06

Health: -6/40      AC: 10    Str: 21    XL:     4   Next: 28%
Magic:  3/3        EV:  7    Int:  5    God:
Gold:   154        SH:  4    Dex: 11    Spells: 3/3 levels left

rFire   . . .      SeeInvis .   a - +0 war axe
rCold   . . .      Faith    .   c - +0 buckler
rNeg    . . .      Spirit   .   e - +0 chain mail
rPois   .          Reflect  .   (helmet restricted)
rElec   .          Harm     .   b - +0 cloak
rCorr   .          Rampage  .   (no gloves)
Will    .....                   (no boots)
Stlth   ..........              (no amulet)
HPRegen 0.13/turn               (no ring)
MPRegen 0.08/turn               (no ring)

@: no status effects
A: horns 2, retaliatory headbutt
a: no special abilities


You were on level 4 of the Dungeon.
You visited 1 branch of the dungeon, and saw 4 of its levels.

You collected 154 gold pieces.

Inventory:

Hand Weapons
 a - a +0 war axe (weapon)
Armour
 b - a +0 cloak (worn)
 c - a +0 buckler (worn)
 e - a +0 chain mail (worn)
 h - +0 acid dragon scales
Jewellery
 t - a ring of positive energy
Scrolls
 g - 4 scrolls of identify {unknown}
 j - a scroll of enchant armour {unknown}
 k - a scroll of blinking {unknown}
 o - a scroll of teleportation {unknown}
 p - a scroll of poison {unknown}
 r - a scroll of noise {unknown}
 s - a scroll of brand weapon {unknown}
Potions
 d - a potion of might
 f - 9 potions of curing {unknown}
 i - a potion of heal wounds {unknown}
 l - 2 potions of haste {unknown}
 m - a potion of ambrosia {unknown}
 n - a potion of brilliance {unknown}
 q - a potion of lignification {unknown}


   Skills:
 + Level 4.2 Fighting
 + Level 3.3 Axes
 + Level 4.2 Armour
 + Level 1.7 Dodging
 + Level 4.2 Shields


You had 3 spell levels left.
You didn't know any spells.
Your spell library contained the following spells:

 Spells                   Type           Power      Damage    Failure   Level
 Necrotize                Necr           0%         1d4       99%         1
 Mephitic Cloud           Conj/Pois/Air  0%         N/A       100%        3
 Vampiric Draining        Necr           0%         2d6       100%        3
 Corpse Rot               Necr/Pois/Air  0%         N/A       100%        4
 Agony                    Necr           0%         N/A       100%        5
 Silence                  Hex/Air        0%         N/A       100%        5
 Maxwell's Capacitive Co  Air            0%         ∞         100%        8


Dungeon Overview and Level Annotations

Branches:
Dungeon (4/15)
 Temple: D:4-7

Altars:

Shops:
D:1 *

Annotations:
D:4 Blork the orc, Pargi


Innate Abilities, Weirdness & Mutations

You have a pair of horns on your head.
You reflexively headbutt those who attack you in melee.


Message History

a +0 whip; 5 stones You slash the hound!
The hound is heavily wounded.
You block the hound's attack. The hound bites you.
You barely miss the hound. You headbutt the hound.
The hound is severely wounded.
The hound bites you but does no damage. x2
You hit the hound.
You kill the hound!
You have reached level 4!
You feel stronger.
t - a ring of positive energy Blork the orc comes into view.
He is wielding a +0 hand axe and wearing a +2 robe of willpower.
Blork the orc shouts!
Blork the orc casts a spell.
Blork the orc seems to speed up.
You barely miss Blork the orc. Blork the orc barely misses you.
Blork the orc hits you with a +0 hand axe!
You slash Blork the orc! You headbutt Blork the orc.
Blork the orc is heavily wounded.
Blork the orc hits you with a +0 hand axe. x2
Blork the orc attacks as you move away! Blork the orc barely misses you.
You furiously retaliate!
You headbutt Blork the orc, but do no damage.
Blork the orc casts a spell at you. The magic dart hits you.
Blork the orc casts a spell at you. The magic dart hits you.
You slash Blork the orc! You headbutt Blork the orc.
Blork the orc is severely wounded.
Blork the orc begins to cast a cantrip, but forgets the words!
Blork the orc gestures at you while chanting.
The puff of flame hits you.
* * * LOW HITPOINT WARNING * * *
Blork the orc attacks as you move away!
Blork the orc hits you with a +0 hand axe.
* * * LOW HITPOINT WARNING * * *
Blork the orc points at you and mumbles some strange words.
The puff of frost hits you!
You die...

..# ...### ..... #
##... ..# .. ...
..# ...
..##.####..### ...
..##.........#
#..##.#<.........#
#...#.#@.........$
...#.#..........#
#.#.#o.........#
#............###
#............#
#............# #
#............# ...
#............#
.....#.#..........#


You could see Blork the orc (fast).

Vanquished Creatures
  A hound (D:4)
  An adder (D:2)
  A worm (D:3)
  2 dart slugs
  6 bats
  2 endoplasms (D:2)
  2 giant cockroaches
  3 goblins
  4 hobgoblins
  7 jackals
  4 ball pythons
  A frilled lizard (D:3)
  3 kobolds
  2 rats (D:1)
39 creatures vanquished.

Notes
Turn   | Place    | Note
-------+----------+-------------------------------------------
     0 | D:1      | hquester the Minotaur Fighter began the quest for the Orb.
     0 | D:1      | Reached XP level 1. HP: 19/19 MP: 0/0
   141 | D:1      | Found Ygusu's Assorted Antiques.
   179 | D:1      | Reached XP level 2. HP: 27/27 MP: 1/1
   605 | D:1      | Got Hoarch's Grimoire of Air
   744 | D:2      | Found a faded altar of an unknown god.
  1042 | D:2      | Reached skill level 1 in Dodging
  1097 | D:2      | Reached XP level 3. HP: 33/33 MP: 2/2
  2269 | D:4      | Noticed Pargi
  2277 | D:4      | Reached XP level 4. HP: 33/40 MP: 3/3
  2279 | D:4      | Noticed Blork the orc
  2289 | D:4      | HP: 2/40 [Blork the orc/+0 hand axe (6)]
  2289 | D:4      | Killed from afar by Blork the orc

Illustrated notes

Levels and vault maps discovered:
D:1:      beargit_arrival_greenhouse, layout_loops_cross, serial_shops, shop,
          minmay_tetromino_l2
D:2:      layout_loops_cross, shapermc_ecumenical_altar_venn,
          minmay_split_cup_small
D:3:      layout_basic
D:4:      layout_basic, old_standard_altar, uniq_blork_the_orc, uniq_pargi,
          uniq_robin

Skill      XL: |  1  2  3 |
---------------+----------+-----
Dodging        | 1 |  1.7
Fighting       | 4 |  4.2
Armour         | 4 |  4.2
Shields        | 4 |  4.2
Axes           | 3 |  3.3

Action                   |  1- 3 |  4- 6 || total
-------------------------+-------+-------++-------
Melee: War axe           |    85 |     3 ||    88
       Headbutt          |    11 |     2 ||    13
Armor: Chain mail        |    65 |       ||    65
Dodge: Dodged            |    32 |     2 ||    34
Block: Buckler           |    23 |       ||    23

Table legend: (Time is in decaauts)
 A = Elapsed time spent in this place.
 B = Non-inter-level travel time spent in this place.
 C = Inter-level travel time spent in this place.
 D = Time resting spent in this place.
 E = Time spent auto-exploring this place.
 F = Levels seen in this place.
 G = Mean time per level.
                   A        B        C        D        E       F      G
               +--------+--------+--------+--------+--------+-----+--------+
         Total |   2322 |   2237 |     85 |      0 |   1906 |   4 |  580.5 |
       Dungeon |   2322 |   2237 |     85 |      0 |   1906 |   4 |  580.5 |
               +--------+--------+--------+--------+--------+-----+--------+

Top non-repeatable levels by time:
     D:3: 849 daAuts
     D:1: 742 daAuts
     D:2: 699 daAuts
     D:4: 31 daAuts
